 Dungeon Crawl Stone Soup version 0.24.0-1-gfbc8707122 (webtiles) character file.

Game seed: 3035393918390006470, levelgen mode: deterministic

109 Granthy the Poker (level 4, -2/41 HPs)
             Began as a Minotaur Chaos Knight on Oct 28, 2019.
             Was a Plaything of Xom.
             Slain by a gnoll
             ... wielding a +0 spear of freezing
              (9 damage)
             ... on level 2 of the Dungeon.
             The game lasted 00:04:39 (1357 turns).

Granthy the Poker (Minotaur Chaos Knight)           Turns: 1357, Time: 00:04:40

Health: -2/41      AC:  5    Str: 17    XL:     4   Next: 60%
Magic:  3/3        EV: 11    Int:  9    God:    Xom [*.....]
Gold:   56         SH:  0    Dex: 10    Spells: 3/3 levels left

rFire    . . .     SeeInvis .   a - +0 spear (chaos)
rCold    . . .     Gourm    .   (no shield)
rNeg     . . .     Faith    .   b - +2 leather armour
rPois    .         Spirit   .   (helmet restricted)
rElec    .         Reflect  .   (no cloak)
rCorr    .         Harm     .   o - +0 pair of gloves
MR       .....                  (no boots)
Stlth    +.........             (no amulet)
HPRegen  0.13/turn              (no ring)
MPRegen  0.08/turn              (no ring)

@: no status effects
A: retaliatory headbutt, horns 2, deformed body
a: Renounce Religion


You were on level 2 of the Dungeon.
You worshipped Xom.
You were a special plaything of Xom.
You were not hungry.

You visited 1 branch of the dungeon, and saw 2 of its levels.

You collected 56 gold pieces.

Inventory:

Hand Weapons
 a - a +0 spear of chaos (weapon)
Armour
 b - a +2 leather armour (worn)
 o - a +0 pair of gloves (worn)
Jewellery
 i - an uncursed amulet of faith {unknown}
Scrolls
 d - 3 scrolls of identify {unknown}
 k - a scroll of magic mapping {unknown}
 n - a scroll of fear {unknown}
 p - a scroll of teleportation {unknown}
Potions
 e - a potion of degeneration {unknown}
 f - 2 potions of brilliance {unknown}
 g - a potion of mutation {unknown}
 j - 4 potions of curing {unknown}
 l - a potion of heal wounds {unknown}
 m - 2 potions of invisibility {unknown}
Comestibles
 c - 2 rations


   Skills:
 + Level 4.5 Fighting
 + Level 5.3 Polearms
 + Level 3.0 Armour
 + Level 1.5 Dodging
 + Level 0.5 Stealth


You had 3 spell levels left.
You didn't know any spells.
Your spell library was empty.

Dungeon Overview and Level Annotations

Branches:
Dungeon (2/15)

Altars:
Ru


Innate Abilities, Weirdness & Mutations

You reflexively headbutt those who attack you in melee.
You have a pair of horns on your head.
Armour fits poorly on your strangely shaped body.


Message History

The gnoll throws a throwing net.
The throwing net hits you.
You become entangled in the net!
Things that are here:
a throwing net; a gnoll corpse You struggle against the net.
You struggle against the net.
The gnoll hits you with a +0 flail!
* * * LOW HITPOINT WARNING * * *
All of the chunks of flesh in your inventory have rotted away.
You struggle against the net.
The gnoll hits you from afar with a +0 spear of freezing!
* * * LOW HITPOINT WARNING * * *
The gnoll freezes you.
* * * LOW HITPOINT WARNING * * *
You rip the net and break free!
The gnoll hits you with a +0 flail!
You die... "Hey, things were just getting interesting!"
Xom revives you!
The gnoll hits you from afar with a +0 spear of freezing!
You die...
Xom howls with laughter!

#.≈.#
#.###.........
#...# #.#
#......... #≈_≈#
#.###.........
#≈≈≈#
##.............
#####
#...##.........
#..g...########
#....###
#######...g#
#...@gg....#
...?..#####...##
....g #...# ....
#...# .<. #..(#
gg ##### .


You could see 3 gnolls.

Vanquished Creatures
  4 gnolls
  2 adders (D:2)
  A worm (D:2)
  2 dart slugs (D:1)
  6 goblins
  5 hobgoblins (D:1)
  4 jackals (D:1)
  9 kobolds
  6 bats
  3 frilled lizards
  5 rats
47 creatures vanquished.

Notes
Turn   | Place    | Note
-------+----------+-------------------------------------------
     0 | D:1      | Granthy the Minotaur Chaos Knight began the quest for the
                  | Orb.
     0 | D:1      | Reached XP level 1. HP: 19/19 MP: 0/0
    25 | D:1      | XOM: divination: magic mapping
    59 | D:1      | Reached skill level 4 in Polearms
    85 | D:1      | Reached XP level 2. HP: 27/27 MP: 1/1
   209 | D:1      | Reached XP level 3. HP: 33/33 MP: 2/2
   294 | D:1      | XOM: divination: magic mapping
   544 | D:1      | XOM: harmless Summ miscast
   656 | D:2      | XOM: harmless Ice miscast
   660 | D:2      | XOM: give mutations
   660 | D:2      | Gained mutation: You are dopey. (Int -2) [Xom's mischief]
   660 | D:2      | Gained mutation: Armour fits poorly on your strangely
                  | shaped body. [Xom's mischief]
   660 | D:2      | Lost mutation: You are dopey. (Int -2) [Xom's mischief]
   720 | D:2      | XOM: 3-stop teleportation journey
   834 | D:2      | XOM: 1-stop teleportation journey
   839 | D:2      | XOM: summons 1 hostile shadow creature
   862 | D:2      | Reached skill level 5 in Polearms
   862 | D:2      | Reached XP level 4. HP: 22/41 MP: 3/3
  1140 | D:2      | Found a sacrificial altar of Ru.
  1350 | D:2      | XOM: swap monsters
  1356 | D:2      | HP: 1/41 [gnoll/+0 spear of freezing (3)]
  1357 | D:2      | Xom revived you
  1357 | D:2      | Slain by a gnoll

Levels and vault maps discovered:
D:1:      lemuel_arrival_broad_hall, layout_basic, minmay_liquid_box,
          minivault_11
D:2:      layout_basic, nicolae_ru_path_of_blood

Skill      XL: |  1  2  3  4 |
---------------+-------------+-----
Polearms       | 4 5 |  5.3
Fighting       | 4 |  4.5
Armour         | 3 |  3.0
Dodging        | |  1.5
Stealth        | |  0.5

Action                   |  1- 3 |  4- 6 || total
-------------------------+-------+-------++-------
Melee: Spear             |    91 |    17 ||   108
       Headbutt          |    11 |     5 ||    16
 Stab: Confused          |     1 |       ||     1
       Paralysed         |     1 |       ||     1
  Eat: Chunk             |       |     1 ||     1
Armor: Leather armour    |    18 |     1 ||    19
Dodge: Dodged            |    38 |     5 ||    43
